AAA
BIRMINGHAM BARONS @ CHARLOTTE KNIGHTS
04/28/2052
 
TOP OF THE 1ST
Scranton Dundies batting - Pitching for Pawtucket Red Sox : LHP Kylen Pillion
Pitching: LHP Kylen Pillion
Batting: RHB Nate Conston 0-0: Ball
1-0: Foul Ball, location: 2F
1-1: Foul Ball, location: 2F
1-2: Fly out, F8 (Flyball, 78XD, EV 78.8 MPH)
Batting: RHB Ethan Collins 0-0: Ball
1-0: Ball
2-0: Ball
3-0: Base on Balls
Batting: RHB Troy Tirey 0-0: Ball
1-0: Ball
2-0: Foul Ball, location: 2F
2-1: Fly out, F2 (Popup, 2RF, EV 95.6 MPH)
Batting: RHB Mike Asher 0-0: Ball
1-0: Ball
2-0: Foul Ball, location: 2F
2-1: Called Strike
2-2: Foul Ball, location: 2F
2-2: Ground out 4-3 (Groundball, 4M, EV 103.8 MPH)
Top of the 1st over - 0 runs, 0 hits, 0 errors, 1 left on base; Scranton 0 - Pawtucket 0
BOTTOM OF THE 1ST
Pawtucket Red Sox batting - Pitching for Scranton Dundies : RHP B.J. Clayton
Pitching: RHP B.J. Clayton
Batting: SHB A.J. Gianini 0-0: Ball
1-0: Ball
2-0: SINGLE (Flyball, 4D, EV 91.9 MPH)
Batting: LHB Gage Moyer 0-0: Ball
1-0: Ball
2-0: Ball
3-0: Called Strike
3-1: Ball
A.J. Gianini to second
Batting: RHB Cláudio Castanon 0-0: Called Strike
A.J. Gianini steals 3rd base
Gage Moyer to second
0-1: Swinging Strike
0-2: Strikes out looking
Batting: LHB Andy Dyck 0-0: Ball
1-0: Called Strike
1-1: Ground out U3 (Groundball, 34S, EV 86.9 MPH)
A.J. Gianini scores
Gage Moyer to third
Batting: RHB John Scott 0-0: Swinging Strike
0-1: Ball
1-1: Ball
2-1: Ground out U3 (Groundball, 34, EV 98.1 MPH)
Bottom of the 1st over - 1 run, 1 hit, 0 errors, 1 left on base; Scranton 0 - Pawtucket 1
TOP OF THE 2ND
Scranton Dundies batting - Pitching for Pawtucket Red Sox : LHP Kylen Pillion
Batting: RHB Montes De Leon 0-0: Called Strike
0-1: Ball
1-1: Called Strike
1-2: SINGLE (Groundball, 4S, EV 63.1 MPH) (infield hit)
Batting: LHB Mike Kerr 0-0: Ball
1-0: Fly out, F9 (Flyball, 89D, EV 95.0 MPH)
Batting: RHB Rincón Huertas 0-0: Called Strike
0-1: Called Strike
0-2: Ball
1-2: Ball
2-2: Foul Ball, location: 2F
2-2: Ball
3-2: Fly out, F9 (Flyball, 9S, EV 91.9 MPH)
Batting: LHB Derren McNeil 0-0: Called Strike
0-1: Swinging Strike
0-2: Ball
1-2: Foul Ball, location: 2F
1-2: Ball
2-2: Foul Ball, location: 2F
2-2: Strikes out swinging
Top of the 2nd over - 0 runs, 1 hit, 0 errors, 1 left on base; Scranton 0 - Pawtucket 1
BOTTOM OF THE 2ND
Pawtucket Red Sox batting - Pitching for Scranton Dundies : RHP B.J. Clayton
Batting: RHB Jomo Peloquin 0-0: Ball
1-0: Fly out, F5 (Line Drive, 5, EV 68.8 MPH)
Batting: RHB Kunikazu Hirose 0-0: Called Strike
0-1: SINGLE (Groundball, 6M, EV 90.6 MPH) (infield hit)
Batting: LHB Bill Wolff 0-0: Foul Ball, location: 2F
0-1: Foul Ball, location: 2F
0-2: Ball
1-2: Ball
2-2: Ball
3-2: Strikes out swinging
Batting: RHB Mark Makar 0-0: Foul Ball, location: 2F
0-1: Ball
1-1: Foul Ball, location: 2F
1-2: Foul Ball, location: 2F
1-2: Ball
2-2: Fielders Choice at 2nd, 6-4 (Groundball, 6, EV 81.2 MPH)
Bottom of the 2nd over - 0 runs, 1 hit, 0 errors, 1 left on base; Scranton 0 - Pawtucket 1
TOP OF THE 3RD
Scranton Dundies batting - Pitching for Pawtucket Red Sox : LHP Kylen Pillion
Batting: RHB Alberto Torres 0-0: Called Strike
0-1: Hit by Pitch
Batting: RHB Nate Conston 0-0: Called Strike
0-1: Foul Ball, location: 2F
0-2: Strikes out swinging
Batting: RHB Ethan Collins 0-0: Swinging Strike
0-1: Ball
1-1: SINGLE (Groundball, 6D, EV 102.5 MPH)
Alberto Torres to second
Batting: RHB Troy Tirey 0-0: TRIPLE (Flyball, 89XD, EV 91.9 MPH)
Alberto Torres scores
Ethan Collins scores
Batting: RHB Mike Asher 0-0: Foul Ball, location: 2F
0-1: Ball
1-1: SINGLE (Line Drive, 9LS, EV 105.6 MPH)
Troy Tirey scores
Batting: RHB Montes De Leon 0-0: Reached on error, E6 (Groundball, 6M, EV 88.8 MPH)
Mike Asher to second
Batting: LHB Mike Kerr 0-0: Ball
1-0: Called Strike
1-1: Foul Ball, location: 2F
1-2: Fly out, F8 (Flyball, 78D, EV 103.1 MPH)
Runner from 2nd tags up, SAFE at 3rd with throw by CF
Batting: RHB Rincón Huertas 0-0: Ball
1-0: Foul Ball, location: 2F
1-1: Ball
2-1: Fly out, F8 (Line Drive, 8LM, EV 106.9 MPH)
Top of the 3rd over - 3 runs, 3 hits, 1 error, 2 left on base; Scranton 3 - Pawtucket 1
BOTTOM OF THE 3RD
Pawtucket Red Sox batting - Pitching for Scranton Dundies : RHP B.J. Clayton
Batting: SHB A.J. Gianini 0-0: Ball
1-0: Fly out, F7 (Line Drive, 7D, EV 92.5 MPH)
Batting: LHB Gage Moyer 0-0: Ball
1-0: Called Strike
1-1: Ball
2-1: Fly out, F7 (Flyball, 7S, EV 88.1 MPH)
Batting: RHB Cláudio Castanon 0-0: Called Strike
0-1: Foul Ball, location: 2F
0-2: SINGLE (Line Drive, 89S, EV 95.0 MPH)
Batting: LHB Andy Dyck 0-0: Ball
1-0: Ball
2-0: Swinging Strike
2-1: Foul Ball, location: 2F
2-2: Foul Ball, location: 2F
2-2: Fly out, F6 (Flyball, 5D, EV 85.0 MPH)
Bottom of the 3rd over - 0 runs, 1 hit, 0 errors, 1 left on base; Scranton 3 - Pawtucket 1
TOP OF THE 4TH
Scranton Dundies batting - Pitching for Pawtucket Red Sox : LHP Kylen Pillion
Batting: LHB Derren McNeil 0-0: Foul Ball, location: 2F
0-1: Swinging Strike
0-2: Foul Ball, location: 2F
0-2: Ball
1-2: Ground out 5-3 (Groundball, 56, EV 90.6 MPH)
Batting: RHB Alberto Torres 0-0: Ball
1-0: SINGLE (Line Drive, 8LS, EV 94.4 MPH)
Batting: RHB Nate Conston 0-0: Ball
1-0: Foul Ball, location: 2F
1-1: Swinging Strike
1-2: Foul Ball, location: 2F
1-2: Fly out, F9 (Flyball, 9D, EV 92.5 MPH)
Batting: RHB Ethan Collins 0-0: Foul Ball, location: 2F
0-1: Ball
1-1: SINGLE (Groundball, 56D, EV 96.9 MPH)
Alberto Torres to second
Batting: RHB Troy Tirey 0-0: Hit by Pitch
Alberto Torres to third
Ethan Collins to second
Batting: RHB Mike Asher 0-0: Foul Ball, location: 2F
0-1: SINGLE (Groundball, 15S, EV 73.8 MPH) (infield hit)
Alberto Torres scores
Ethan Collins to third
Troy Tirey to second
Batting: RHB Montes De Leon 0-0: Called Strike
0-1: Foul Ball, location: 2F
0-2: Ball
1-2: Fielders Choice at 2nd, 5-4 (Groundball, 56, EV 80.6 MPH)
Top of the 4th over - 1 run, 3 hits, 0 errors, 3 left on base; Scranton 4 - Pawtucket 1
BOTTOM OF THE 4TH
Pawtucket Red Sox batting - Pitching for Scranton Dundies : RHP B.J. Clayton
Batting: RHB John Scott 0-0: Ball
1-0: Foul Ball, location: 2F
1-1: SOLO HOME RUN (Flyball, 89XD, EV 98.8 MPH) (Inside the Park)
Batting: RHB Jomo Peloquin 0-0: Ball
1-0: Called Strike
1-1: Swinging Strike
1-2: Ball
2-2: Strikes out swinging
Batting: RHB Kunikazu Hirose 0-0: Foul Ball, location: 2F
0-1: Fly out, F6 (Flyball, 56D, EV 93.8 MPH)
Batting: LHB Bill Wolff 0-0: Ball
1-0: Ground out 3-1 (Groundball, 34, EV 85.6 MPH)
Bottom of the 4th over - 1 run, 1 hit, 0 errors, 0 left on base; Scranton 4 - Pawtucket 2
TOP OF THE 5TH
Scranton Dundies batting - Pitching for Pawtucket Red Sox : LHP Kylen Pillion
Batting: LHB Mike Kerr 0-0: SINGLE (Line Drive, 3D, EV 98.8 MPH)
Batting: RHB Rincón Huertas 0-0: Bunt missed!
0-1: Bunt missed!
0-2: Ball
1-2: Foul Ball, location: 2F
1-2: Foul Ball, location: 2F
1-2: DOUBLE (Flyball, 78D, EV 100.0 MPH)
Mike Kerr to third
Batting: LHB Derren McNeil 0-0: Called Strike
0-1: Swinging Strike
0-2: Ball
1-2: Strikes out swinging
Batting: RHB Alberto Torres 0-0: SINGLE (Groundball, 6D, EV 101.2 MPH)
Mike Kerr scores
Rincón Huertas to third
Runner from 3rd tries for Home, SAFE, throw by CF to home
Pitching: RHP Liam Newhouse
Batting: RHB Nate Conston 0-0: Ball
1-0: Called Strike
1-1: Foul Ball, location: 2F
Pickoff Throw to First - Out! 1-3
1-2: Foul Ball, location: 2F
1-2: SOLO HOME RUN (Flyball, 7LD, EV 93.1 MPH), Distance : 353 ft
Batting: RHB Ethan Collins 0-0: Swinging Strike
0-1: Ball
1-1: Ground out 6-3 (Groundball, 6, EV 103.8 MPH)
Top of the 5th over - 3 runs, 4 hits, 0 errors, 0 left on base; Scranton 7 - Pawtucket 2
BOTTOM OF THE 5TH
Pawtucket Red Sox batting - Pitching for Scranton Dundies : RHP B.J. Clayton
Batting: RHB Mark Makar 0-0: Foul Ball, location: 2F
0-1: Ball
1-1: Called Strike
1-2: Ball
2-2: Foul Ball, location: 2F
2-2: Strikes out looking
Batting: SHB A.J. Gianini 0-0: Called Strike
0-1: Swinging Strike
0-2: Ball
1-2: Ground out 4-3 (Groundball, 4D, EV 102.5 MPH)
Batting: LHB Gage Moyer 0-0: Ball
1-0: Called Strike
1-1: Ball
2-1: Ball
3-1: Ground out 5-3 (Groundball, 5, EV 88.1 MPH)
Bottom of the 5th over - 0 runs, 0 hits, 0 errors, 0 left on base; Scranton 7 - Pawtucket 2
TOP OF THE 6TH
Scranton Dundies batting - Pitching for Pawtucket Red Sox : RHP Liam Newhouse
Batting: RHB Troy Tirey 0-0: Called Strike
0-1: Ball
1-1: Foul Ball, location: 2F
1-2: Strikes out swinging
Batting: RHB Mike Asher 0-0: Ball
1-0: Foul Ball, location: 2F
1-1: Swinging Strike
1-2: Foul Ball, location: 2F
1-2: Ball
2-2: Ball
3-2: Strikes out swinging
Batting: RHB Montes De Leon 0-0: Called Strike
0-1: Ball
1-1: Foul Ball, location: 2F
1-2: Ball
2-2: Ball
3-2: SINGLE (Line Drive, 4D, EV 98.1 MPH)
Batting: LHB Mike Kerr 0-0: Ball
1-0: Foul Ball, location: 2F
1-1: Foul Ball, location: 2F
1-2: Ball
2-2: Foul Ball, location: 2F
2-2: Ground out 4-3 (Groundball, 4, EV 91.2 MPH)
Top of the 6th over - 0 runs, 1 hit, 0 errors, 1 left on base; Scranton 7 - Pawtucket 2
BOTTOM OF THE 6TH
Pawtucket Red Sox batting - Pitching for Scranton Dundies : RHP B.J. Clayton
Batting: RHB Cláudio Castanon 0-0: Ball
1-0: Swinging Strike
1-1: Ground out 1-3 (Groundball, 13S, EV 69.4 MPH)
Batting: LHB Andy Dyck 0-0: Called Strike
0-1: Ball
1-1: Foul Ball, location: 2F
1-2: Fly out, F8 (Line Drive, 8LD, EV 86.2 MPH)
Batting: RHB John Scott 0-0: Called Strike
0-1: Foul Ball, location: 2F
0-2: Ball
1-2: Ball
2-2: Strikes out looking
Bottom of the 6th over - 0 runs, 0 hits, 0 errors, 0 left on base; Scranton 7 - Pawtucket 2
TOP OF THE 7TH
Scranton Dundies batting - Pitching for Pawtucket Red Sox : RHP Liam Newhouse
Batting: RHB Rincón Huertas 0-0: Called Strike
0-1: Called Strike
0-2: Ground out 4-3 (Groundball, 4, EV 107.5 MPH)
Batting: LHB Derren McNeil 0-0: Ball
1-0: Ball
2-0: Ball
3-0: Called Strike
3-1: DOUBLE (Line Drive, 78M, EV 101.2 MPH)
Batting: RHB Alberto Torres 0-0: Ball
1-0: Ball
2-0: Ground out 6-3 (Groundball, 6, EV 90.6 MPH)
Batting: RHB Nate Conston 0-0: Foul Ball, location: 2F
0-1: Ball
1-1: Ground out 6-3 (Groundball, 6, EV 86.9 MPH)
Top of the 7th over - 0 runs, 1 hit, 0 errors, 1 left on base; Scranton 7 - Pawtucket 2
BOTTOM OF THE 7TH
Pawtucket Red Sox batting - Pitching for Scranton Dundies : RHP B.J. Clayton
Batting: RHB Jomo Peloquin 0-0: Ball
1-0: Fly out, F6 (Flyball, 4MD, EV 83.8 MPH)
Batting: RHB Kunikazu Hirose 0-0: Swinging Strike
0-1: Called Strike
0-2: Ball
1-2: Strikes out swinging
Batting: LHB Bill Wolff 0-0: Called Strike
0-1: Ball
1-1: Foul Ball, location: 2F
1-2: Ball
2-2: Ground out 4-3 (Groundball, 4, EV 82.5 MPH)
Bottom of the 7th over - 0 runs, 0 hits, 0 errors, 0 left on base; Scranton 7 - Pawtucket 2
TOP OF THE 8TH
Scranton Dundies batting - Pitching for Pawtucket Red Sox : RHP Liam Newhouse
Batting: RHB Ethan Collins 0-0: Ball
1-0: Ball
2-0: Ground out 5-3 (Groundball, 56, EV 84.4 MPH)
Batting: RHB Troy Tirey 0-0: Foul Ball, location: 2F
0-1: SINGLE (Line Drive, 7S, EV 93.1 MPH)
Pitching: RHP Elwood Hall
Batting: RHB Mike Asher 0-0: Called Strike
0-1: Fly out, F9 (Flyball, 9, EV 87.5 MPH)
Batting: RHB Montes De Leon 0-0: Foul Ball, location: 2F
0-1: Called Strike
0-2: Ball
1-2: Strikes out looking
Top of the 8th over - 0 runs, 1 hit, 0 errors, 1 left on base; Scranton 7 - Pawtucket 2
BOTTOM OF THE 8TH
Pawtucket Red Sox batting - Pitching for Scranton Dundies : RHP B.J. Clayton
Pitching: RHP Hiroaki Nanami
Batting: RHB Mark Makar 0-0: Called Strike
0-1: Foul Ball, location: 2F
0-2: Strikes out swinging
Batting: SHB A.J. Gianini 0-0: Foul Ball, location: 2F
0-1: Ground out 5-3 (Groundball, 56, EV 103.1 MPH)
Batting: LHB Gage Moyer 0-0: Called Strike
0-1: Ball
1-1: Ball
2-1: Foul Ball, location: 2F
2-2: Ball
3-2: Base on Balls
Batting: RHB Cláudio Castanon 0-0: Called Strike
0-1: Called Strike
0-2: Foul Ball, location: 2F
0-2: Ball
1-2: Ball
2-2: Ball
3-2: Base on Balls
Gage Moyer to second
Batting: LHB Andy Dyck 0-0: Fly out, F9 (Flyball, 9LM, EV 81.2 MPH)
Bottom of the 8th over - 0 runs, 0 hits, 0 errors, 2 left on base; Scranton 7 - Pawtucket 2
TOP OF THE 9TH
Scranton Dundies batting - Pitching for Pawtucket Red Sox : RHP Elwood Hall
Batting: LHB Mike Kerr 0-0: Called Strike
0-1: Foul Ball, location: 2F
0-2: Ball
1-2: Ball
2-2: Ball
3-2: Foul Ball, location: 2F
3-2: Foul Ball, location: 2F
3-2: Foul Ball, location: 2F
3-2: Ground out 4-3 (Groundball, 4, EV 96.2 MPH)
Batting: RHB Rincón Huertas 0-0: Ground out 6-3 (Groundball, 6S, EV 76.9 MPH)
Batting: LHB Derren McNeil 0-0: Ball
1-0: Ball
2-0: Called Strike
2-1: Ball
3-1: Foul Ball, location: 2F
3-2: Foul Ball, location: 2F
3-2: Base on Balls
Batting: RHB Alberto Torres 0-0: Ball
1-0: Called Strike
1-1: SINGLE (Groundball, 5S, EV 65.0 MPH) (infield hit)
Derren McNeil to second
Batting: RHB Nate Conston 0-0: Swinging Strike
0-1: Ball
1-1: Called Strike
1-2: Ball
2-2: Ball
Wild Pitch!
Derren McNeil to third
Alberto Torres to second
3-2: Foul Ball, location: 2F
3-2: Foul Ball, location: 2F
3-2: Foul Ball, location: 2F
3-2: Ground out 6-3 (Groundball, 6, EV 103.1 MPH)
Top of the 9th over - 0 runs, 1 hit, 0 errors, 2 left on base; Scranton 7 - Pawtucket 2
BOTTOM OF THE 9TH
Pawtucket Red Sox batting - Pitching for Scranton Dundies : RHP Hiroaki Nanami
Batting: RHB John Scott 0-0: Ball
1-0: Called Strike
1-1: Swinging Strike
1-2: Foul Ball, location: 2F
1-2: Ground out 6-3 (Groundball, 6, EV 85.0 MPH)
Batting: RHB Jomo Peloquin 0-0: Ball
1-0: Ball
2-0: Foul Ball, location: 2F
2-1: Foul Ball, location: 2F
2-2: Ball
3-2: Ground out 5-3 (Groundball, 56, EV 80.6 MPH)
Batting: RHB Kunikazu Hirose 0-0: Ball
1-0: Foul Ball, location: 2F
1-1: Reached on error, E6 (Groundball, 4M, EV 98.1 MPH)
Batting: LHB Bill Wolff 0-0: Called Strike
0-1: Swinging Strike
0-2: Ball
1-2: Foul Ball, location: 2F
1-2: Strikes out swinging
Bottom of the 9th over - 0 runs, 0 hits, 1 error, 1 left on base; Scranton 7 - Pawtucket 2
Thursday, April 18th , 2024 - OOTP Baseball 24.11 Build 85